 Dungeon Crawl Stone Soup version 0.30-a0-830-gfe289a77b0 (webtiles) character file.

Game seed: 15816438283312211515

15494 Nacht the Frost Mage (level 12, -10/120 HPs)
             Began as a Demonspawn Hunter on Feb 28, 2023.
             Was a Priest of Vehumet.
             Mangled by a death yak (20 damage)
             ... on level 8 of the Dungeon.
             The game lasted 00:19:43 (12760 turns).

Nacht the Frost Mage (Demonspawn Hunter)           Turns: 12760, Time: 00:19:44

Health: -10/120    AC: 14    Str: 12    XL:     12   Next: 1%
Magic:  15/28      EV: 12    Int: 15    God:    Vehumet [***...]
Gold:   571        SH:  0    Dex: 17    Spells: 27/35 levels left

rFire   . . .      SeeInvis +    y - +3 dagger (venom)
rCold   . . .      Faith    .    (no shield)
rNeg    . . .      Spirit   .    U - +0 troll leather armour
rPois   .          Reflect  .    f - +0 helmet
rElec   .          Harm     .    O - +1 cloak {rCorr}
rCorr   +          Rampage  .    (no gloves)
Will    .....                    l - +0 pair of boots Stlth
                                 Q - amulet of regeneration
HPRegen 2.00/turn                i - ring of see invisible
MPRegen 0.21/turn                G - +4 ring of protection

@: berserking (expiring), hasted, very quick
A: hooves 2, ignite blood 1, sharp scales 2, demonic magic 1
a: Renounce Religion


You were on level 8 of the Dungeon.
You worshipped Vehumet.
Vehumet was most pleased with you.
You visited 3 branches of the dungeon, and saw 13 of its levels.
You also visited: Sewer.

You collected 571 gold pieces.

Inventory:

Hand Weapons
 y - a +3 dagger of venom (weapon)
Armour
 f - a +0 helmet (worn)
 l - a +0 pair of boots (worn)
 I - a scarf of resistance
 O - a +1 cloak of preservation (worn)
 U - a +0 troll leather armour (worn)
Magical Staves
 w - a staff of cold
Jewellery
 i - a ring of see invisible (left hand)
 n - an amulet of guardian spirit
 q - a ring of fire
 G - a +4 ring of protection (right hand)
 H - a ring of positive energy
 Q - an amulet of regeneration (around neck)
 R - an amulet of reflection
 S - a ring of willpower
Wands
 c - a wand of mindburst (6)
 x - a wand of flame (37)
 F - a wand of polymorph (7)
 M - a wand of iceblast (16)
Scrolls
 d - 2 scrolls of enchant weapon {unknown}
 e - a scroll of poison {unknown}
 g - 2 scrolls of noise {unknown}
 h - 2 scrolls of blinking {unknown}
 m - 3 scrolls of vulnerability {unknown}
 r - 4 scrolls of teleportation {unknown}
 s - a scroll of immolation
 v - a scroll of magic mapping {unknown}
 D - 3 scrolls of amnesia {unknown}
 E - a scroll of fog
 K - 2 scrolls of enchant armour
 P - a scroll of fear {unknown}
 T - a scroll of torment {unknown}
Potions
 a - a potion of ambrosia
 b - a potion of resistance
 j - a potion of haste
 k - 3 potions of curing
 o - 6 potions of lignification
 p - a potion of berserk rage
 t - 2 potions of heal wounds
 u - 2 potions of flight
 z - 3 potions of magic
 A - 2 potions of invisibility
 B - 3 potions of cancellation
 C - 2 potions of attraction
 J - 4 potions of might
 L - 2 potions of mutation


   Skills:
 - Level 2.7 Fighting
 - Level 4.0 Ranged Weapons
 - Level 2.4 Dodging
 - Level 0.8 Stealth
 - Level 12.0 Spellcasting
 - Level 12.0 Ice Magic
 + Level 5.9 Poison Magic


You had 27 spell levels left.
You knew the following spells:

 Your Spells              Type           Power      Damage    Failure   Level
a - Freeze                Ice            100%       1d10      1%          1
b - Frozen Ramparts       Ice            90%        1d14      1%          3
c - Olgreb's Toxic Radia  Pois           26%        N/A       2%          4

Your spell library contained the following spells:

 Spells                   Type           Power      Damage    Failure   Level
 Hailstorm                Conj/Ice       27%        3d7       1%          3
 Sandblast                Erth           18%        2d7       2%          1
 Stone Arrow              Conj/Erth      18%        3d8       9%          3
 Apportation              Tloc           18%        N/A       10%         1
 Necrotise                Necr           36%        1d5       10%         1
 Summon Small Mammal      Summ           36%        N/A       10%         1
 Lesser Beckoning         Tloc           18%        N/A       16%         2
 Passwall                 Tmut/Erth      7%         N/A       16%         2
 Gell's Gravitas          Tloc           9%         N/A       30%         3
 Teleport Other           Tloc           9%         N/A       30%         3


Dungeon Overview and Level Annotations

Branches:
Dungeon (11/15)            Temple (1/1) D:5            Lair (1/5) D:8
    Orc (0/2) D:11          Sewer (visited)

Altars:
Ashenzari
Cheibriados
Dithmenos
Fedhas
Gozag
Hepliaklqana
Kikubaaqudgha
Makhleb
Nemelex Xobeh
Okawaru
Qazlal
Ru
Sif Muna
Trog
Uskayaw
Vehumet
Wu Jian
Xom
Yredelemnul

Shops:
D:4 [   D:6 =

Annotations:
D:7 2 transporters, avis's ghost, novice HOMo


Innate Abilities, Weirdness & Mutations

You have hoof-like feet.
Your demonic aura sometimes causes spilled blood to erupt in flames.
You are mostly covered in razor-sharp scales. (AC +2, Slay +2)
Spells you cast may paralyse adjacent enemies.


Message History

Confirm with . or Enter, or press ? or * to list all spells.
You cannot sustain more frozen ramparts right now.
You hit the death yak but do no damage.
The death yak is heavily wounded.
The death yak looks as sick as possible!
You hit the death yak.
The death yak looks as sick as possible!
The death yak is heavily wounded.
The death yak looks as sick as possible! x2
The wall freezes the death yak!
The death yak gores you!
The wall freezes the death yak.
The death yak gores you.
The wall freezes the death yak.
The death yak gores you!!
The wall freezes the death yak!
You hit the death yak.
The death yak looks as sick as possible!
The death yak is severely wounded.
Your toxic aura wanes.
The wall freezes the death yak.
The death yak completely misses you.
The wall freezes the death yak.
The death yak gores you but does no damage.
The wall freezes the death yak!
The death yak gores you!
You feel much better.
The frozen ramparts melt away.
A red film seems to cover your vision as you go berserk!
You feel yourself moving faster!
You feel mighty!
The death yak gores you but does no damage.
The death yak gores you! The death yak gores you!!
* * * LOW HITPOINT WARNING * * *
You hit the death yak.
The death yak looks as sick as possible!
The death yak is almost dead.
The death yak is engulfed in blazing flames.
The death yak gores you!!
* * * LOW HITPOINT WARNING * * *
The death yak closely misses you. The death yak gores you!
* * * LOW HITPOINT WARNING * * *
You climb upwards.
Welcome back to the Dungeon!
You feel a strong urge to attack something.
There is a staircase to the Lair, spattered with blood here.
The death yak gores you!!
You die...

.......# ##.............#.#.###.
.......# #................#.#...
.......####............#####.#.#.
............###...###........#...
............##.....##..##........
...####.....#.......#).+.........
...# #.....#.P..PP.#..#.........
...####..###...........#..<......
####.....###....@......#.........
.# #.###.......Y>Y....##.......##
.# #.# #...#....Y....############
.# #.# #.#.....................##
)###'###.#..#..P....####.......##
)........####.......#..#.......##
............##.....###.#.......+.
........#######...####.#.......##
........# ####....##.#.......##


You could see 3 death yaks.

Vanquished Creatures
  4 two-headed ogres
  A manticore (D:11)
  A black mamba (D:8)
  Maurice (D:9)
  Joseph (D:7)
  Maggie (D:9)
  An unseen horror (D:11)
  2 cane toads (Lair:1)
  A gargoyle (D:11)
  A komodo dragon (D:10)
  A troll (D:11)
  Sigmund (D:2)
  3 shadows (D:11)
  2 wyverns
  A wraith (D:10)
  2 vampire mosquitoes (D:10)
  17 yaks
  A basilisk (D:8)
  3 steam dragons
  Menkaure (D:6)
  3 acid dragons
  3 orc warriors
  2 ice beasts
  2 black bears
  8 centaurs
  8 wolves
  3 ogres
  A phantom (D:7)
  5 bullfrogs
  A necrophage (D:8)
  3 scorpions
  9 wights
  18 killer bees
  3 electric eels (D:6)
  4 hounds
  2 gnoll boudas
  5 orc priests
  2 iguanas (D:4)
  9 orc wizards
  Robin (D:4)
  12 adders
  15 gnolls
  4 river rats (Sewer)
  A shadow imp (D:6)
  An ufetubus (D:5)
  A worm (D:2)
  3 dart slugs
  34 orcs
  14 ball pythons
  4 endoplasms
  5 giant cockroaches
  8 goblins
  10 hobgoblins
  6 jackals
  27 kobolds
  5 quokkas
  5 bats
  4 frilled lizards
  19 rats
  A spectral goblin (D:11)
317 creatures vanquished.

Notes
Turn   | Place    | Note
-------+----------+-------------------------------------------
     0 | D:1      | Nacht the Demonspawn Hunter began the quest for the Orb.
     0 | D:1      | Reached XP level 1. HP: 16/16 MP: 1/1
   311 | D:1      | Gained mutation: Spells you cast may paralyse adjacent
                  | enemies. [demonic ancestry]
   311 | D:1      | Reached XP level 2. HP: 22/22 MP: 2/2
   470 | D:1      | Found a faded altar of an unknown god.
  1172 | D:2      | Found a shimmering altar of Xom.
  1186 | D:2      | Reached XP level 3. HP: 28/28 MP: 3/3
  1331 | D:2      | Learned a level 1 spell: Freeze
  1702 | D:2      | Reached skill level 1 in Spellcasting
  1702 | D:2      | Reached skill level 1 in Ice Magic
  1702 | D:2      | Reached XP level 4. HP: 34/34 MP: 5/5
  2048 | D:2      | Noticed Sigmund
  2063 | D:2      | Killed Sigmund
  2064 | D:2      | Reached XP level 5. HP: 3/39 MP: 0/9
  2412 | D:3      | Gained mutation: Your demonic aura sometimes causes spilled
                  | blood to erupt in flames. [demonic ancestry]
  2412 | D:3      | Reached XP level 6. HP: 42/46 MP: 8/10
  2828 | D:3      | Found an ancient bone altar of Kikubaaqudgha.
  2943 | D:3      | Found a glowing drain.
  3020 | Sewer    | Entered a sewer
  3849 | D:3      | Learned a level 3 spell: Frozen Ramparts
  3869 | D:4      | Gained mutation: You have large cloven feet. [demonic
                  | ancestry]
  3869 | D:4      | Reached XP level 7. HP: 51/51 MP: 11/13
  4103 | D:4      | Noticed Robin
  4115 | D:4      | Killed Robin
  4379 | D:4      | Found Anaocei's Antique Armour Shoppe.
  4561 | D:4      | Reached skill level 5 in Ice Magic
  5297 | D:5      | Entered Level 5 of the Dungeon
  5312 | D:5      | Reached skill level 5 in Spellcasting
  5420 | D:5      | Gained mutation: You are partially covered in razor-sharp
                  | scales. (AC +1, Slay +1) [demonic ancestry]
  5420 | D:5      | Reached XP level 8. HP: 49/57 MP: 7/15
  5963 | D:5      | Found a staircase to the Ecumenical Temple.
  5978 | Temple   | Entered the Ecumenical Temple
  6015 | Temple   | Became a worshipper of Vehumet
  6343 | D:6      | Found Ocsiteg's Jewellery Boutique.
  6652 | D:6      | Noticed Menkaure
  6664 | D:6      | Killed Menkaure
  6993 | D:6      | Gained mutation: You are mostly covered in razor-sharp
                  | scales. (AC +2, Slay +2) [demonic ancestry]
  6993 | D:6      | Reached XP level 9. HP: 32/62 MP: 5/18
  8003 | D:7      | Found a transporter.
  8004 | D:7      | Noticed avis's ghost (novice HOMo)
  8009 | D:7      | Identified the +3 dire flail "Xoteewnank" {freeze, Dex+2}
  8009 | D:7      | Noticed a two-headed ogre
  8019 | D:7      | Found a transporter.
  8029 | D:7      | Reached * piety under Vehumet
  8029 | D:7      | Offered knowledge of Foxfire by Vehumet.
  8181 | D:7      | Noticed Joseph
  8192 | D:7      | Killed Joseph
  8854 | D:8      | Found a staircase to the Lair.
  8900 | D:8      | Gained mutation: You have hoof-like feet. [demonic
                  | ancestry]
  8900 | D:8      | Reached XP level 10. HP: 68/68 MP: 20/22
  8928 | D:8      | Reached skill level 10 in Ice Magic
  9551 | D:9      | Noticed Maggie
  9561 | D:9      | Killed Maggie
  9591 | D:9      | Reached ** piety under Vehumet
  9591 | D:9      | Offered knowledge of Momentum Strike by Vehumet.
  9759 | D:9      | Noticed a two-headed ogre
  9772 | D:9      | Killed a two-headed ogre
  9881 | D:9      | Reached skill level 10 in Spellcasting
  9947 | D:9      | Noticed Maurice
  9956 | D:9      | Killed Maurice
 10183 | D:9      | Reached XP level 11. HP: 55/74 MP: 16/25
 10507 | D:10     | Entered Level 10 of the Dungeon
 10926 | D:10     | You fall into a shaft and drop 1 floor!
 11009 | D:10     | Offered knowledge of Poisonous Vapours by Vehumet.
 11516 | D:11     | Noticed a two-headed ogre
 11528 | D:11     | Killed a two-headed ogre
 11531 | D:11     | Reached *** piety under Vehumet
 11537 | D:11     | Noticed a two-headed ogre
 11550 | D:11     | Killed a two-headed ogre
 11615 | D:11     | Offered knowledge of Olgreb's Toxic Radiance by Vehumet.
 11635 | D:11     | Learned a level 4 spell: Olgreb's Toxic Radiance
 11651 | D:11     | Found a staircase to the Orcish Mines.
 11710 | D:11     | Reached skill level 1 in Poison Magic
 11891 | D:11     | Noticed a two-headed ogre
 11896 | D:11     | Killed a two-headed ogre
 12366 | D:11     | Found a hazy altar of Hepliaklqana.
 12569 | Lair:1   | Entered Level 1 of the Lair of Beasts
 12597 | Lair:1   | Reached skill level 5 in Poison Magic
 12598 | Lair:1   | Noticed a death yak
 12611 | Lair:1   | Noticed a death yak
 12614 | Lair:1   | Noticed a death yak
 12615 | Lair:1   | Noticed a death yak
 12628 | D:8      | Reached XP level 12. HP: 27/80 MP: 4/28
 12757 | Lair:1   | HP: 5/120 [death yak (14)]
 12760 | D:8      | Mangled by a death yak

Illustrated notes

Levels and vault maps discovered:
D:1:      wander_arrival_chamber, layout_loops_ring,
          shapermc_ecumenical_altar_notcrosses, serial_co_window_serial,
          co_window_paths_b, co_window_paths_b, co_window_of_opportunity_a,
          co_window_corner_a, co_window_corner_a, co_window_broadway_c,
          co_window_unsneaky_path_d, co_window_corner_cb, co_window_cross_2,
          co_window_cross_2, co_window_broadway_a, glass_columns_a,
          glass_columns_b, grunt_decor_one_mirror
D:2:      minmay_inner_zag, layout_loops_ring, basic_altar, minmay_liquid_box,
          kennysheep_small_spiral, uniq_sigmund
D:3:      layout_rooms, lemuel_coloured_pillars_altar, portal_sewer_entry_e
D:4:      cheibrodos_helix_gallery, layout_basic, serial_shops,
          nicolae_lakefront_shop, serial_corexii_hall, chequers_hall_statues_y,
          chequers_hall_statues_corner_a, chequers_hall_statues_corner_a,
          uniq_robin
D:5:      layout_rooms, minmay_temple_entry_junction
D:6:      layout_rooms, minmay_tree_intersection, nicolae_stop_n_shop_2,
          water_boxes_lemuel, uniq_menkaure
D:7:      layout_gridville, gammafunk_ghost_smash, feat_on_display, uniq_joseph
D:8:      layout_basic, david_lair_generic, bh_walls_and_bars
D:9:      layout_cave_pools, uniq_maggie, uniq_maurice
D:10:     layout_irregular_city
D:11:     layout_loops_corners, hiddenorc1_lemuel, nrook_mini_backslash,
          nicolae_hepliaklqana_monster_ancestors
Temple:   grunt_wide_crystal_templ
Lair:1:   layout_misc_corridors, nicolae_volcano_entry_s_turn, basic_altar

Skill      XL: |  1  2  3  4  5  6  7  8  9 10 11 |
---------------+----------------------------------+-----
Dodging        | 2 |  2.4
Ranged Weapons | 4 |  4.0
Spellcasting   | 1 2 3 4 5 6 8 10 12 | 12.0
Ice Magic      | 1 2 3 4 5 7 9 11 12 | 12.0
Poison Magic   | 5 |  5.9
Fighting       | |  2.7
Stealth        | |  0.8

Action                     |  1- 3 |  4- 6 |  7- 9 | 10-12 || total
---------------------------+-------+-------+-------+-------++-------
  Melee: Short sword       |       |    41 |       |       ||    41
         Dagger            |       |     2 |   125 |   129 ||   256
         Punch             |       |       |     3 |     1 ||     4
   Fire: Shortbow          |   106 |   119 |       |       ||   225
   Cast: Freeze            |       |    16 |   119 |   172 ||   307
         Frozen Ramparts   |       |       |    28 |    43 ||    71
         Olgreb's Toxic Ra |       |       |       |     5 ||     5
    Use: Scroll            |       |     9 |     7 |     1 ||    17
         Potion            |       |     1 |       |     6 ||     7
   Stab: Paralysed         |       |     2 |    70 |    89 ||   161
         Sleeping          |       |     2 |     1 |       ||     3
         Distracted        |       |       |       |     1 ||     1
 Armour: Leather armour    |    22 |    70 |    47 |    11 ||   150
         Steam dragon scal |       |       |       |    47 ||    47
         Troll leather arm |       |       |       |    39 ||    39
  Dodge: Dodged            |    28 |   133 |   114 |   141 ||   416

Table legend: (Time is in decaauts)
 A = Elapsed time spent in this place.
 B = Non-inter-level travel time spent in this place.
 C = Inter-level travel time spent in this place.
 D = Time resting spent in this place.
 E = Time spent auto-exploring this place.
 F = Levels seen in this place.
 G = Mean time per level.
                   A        B        C        D        E       F      G
               +--------+--------+--------+--------+--------+-----+--------+
         Total |  12854 |  12217 |    637 |      0 |  10057 |  14 |  918.1 |
       Dungeon |  11915 |  11293 |    622 |      0 |   9500 |  11 | 1083.2 |
        Temple |     77 |     62 |     15 |      0 |     43 |   1 |   77.0 |
          Lair |     61 |     61 |      0 |      0 |      3 |   1 |   61.0 |
         Sewer |    799 |    799 |      0 |      0 |    511 |   1 |  799.0 |
               +--------+--------+--------+--------+--------+-----+--------+

Top non-repeatable levels by time:
     D:4: 1447 daAuts
     D:2: 1286 daAuts
     D:8: 1186 daAuts
     D:1: 1159 daAuts
    D:11: 1145 daAuts
     D:6: 1098 daAuts
     D:7: 1060 daAuts
     D:9: 982 daAuts
     D:5: 968 daAuts
    D:10: 885 daAuts
   Sewer: 799 daAuts
     D:3: 696 daAuts
  Temple: 77 daAuts
  Lair:1: 61 daAuts
